Map: Kairos Junction LE

Players

Smileblind

  • Race: Protoss Protoss
  • Spawn Location: 11:00

VOD

Have the link to the VOD?

Description

Time

  • Played on: Jan. 23, 2019, 1:46 a.m.
  • Length: 13:28
Show
View Real Time Build Order
Export as new Build Order

Smileblind Protoss 

Build Orders:  

Get SALT Encoding   

  12  0:06  Probe (Chrono Boost)  
  13  0:22  Probe (Chrono Boost)  
  13  0:29  Pylon  
  14  0:39  Probe (Chrono Boost)  
  15  0:53  Assimilator  
  15  0:58  Probe (Chrono Boost)  
  16  1:11  Forge  
  16  1:15  Probe (Chrono Boost)  
  17  1:21  Pylon  
  18  1:32  Probe (Chrono Boost)  
  18  1:46  Gateway  
  18  1:49  Probe (Chrono Boost)  
  19  1:59  Assimilator  
  19  2:06  Probe (Chrono Boost)  
  20  2:17  Pylon  
  20  2:23  Probe (Chrono Boost)  
  21  2:39  Probe (Chrono Boost)  
  22  2:46  Gateway  
  22  2:49  Gateway  
  22  2:56  Probe (Chrono Boost)  
  23  3:11  Cybernetics Core  
  23  3:21  Pylon  
  23  3:33  Zealot  
  25  3:41  Protoss Ground Weapons Level 1  
  25  4:05  Photon Cannon  
  25  4:06  Photon Cannon  
  25  4:25  Photon Cannon  
  29  5:05  Unknown  
  29  5:07  Unknown  
  29  5:13  Warp Gate  
  29  5:17  Nexus  
  29  5:26  Sentry  
  33  5:31  Stalker  
  33  5:44  Pylon  
  33  5:52  Shield Battery  
  34  6:01  Probe (Chrono Boost)  
  34  6:09  Unknown x2  
  34  6:18  Probe (Chrono Boost)  
  35  6:27  Unknown x2  
  35  6:35  Probe (Chrono Boost)  
  36  6:46  Unknown x2  
  34  6:58  Stalker x2  
  34  6:59  Stalker  
  38  7:06  Twilight Council  
  38  7:13  Probe (Chrono Boost)  
  38  7:14  Probe (Chrono Boost)  
  42  7:30  Probe (Chrono Boost)  
  42  7:31  Probe (Chrono Boost)  
  42  7:47  Probe (Chrono Boost)  
  42  7:48  Probe (Chrono Boost)  
  44  7:59  Stalker  
  46  8:00  Stalker  
  46  8:04  Probe (Chrono Boost)  
  39  8:41  Sentry x2  
  39  8:42  Sentry  
  45  8:53  Robotics Facility  
  45  8:58  Protoss Air Weapons Level 1, Dark Shrine  
  45  9:06  Probe x2 (Chrono Boost)  
  45  9:09  Charge  
  47  9:22  Shield Battery  
  47  9:23  Probe x2 (Chrono Boost)  
  47  9:27  Protoss Ground Weapons Level 2  
  51  9:40  Probe x2 (Chrono Boost)  
  51  9:47  Pylon  
  51  9:57  Probe x2 (Chrono Boost)  
  53  10:07  Gateway  
  53  10:10  Gateway  
  53  10:14  Probe (Chrono Boost)  
  54  10:20  Nexus  
  54  10:21  Zealot  
  54  10:22  Pylon, Zealot  
  54  10:23  Zealot  
  54  10:24  Pylon  
  54  10:27  Pylon  
  60  10:33  Assimilator  
  60  10:35  Observer  
  61  10:59  Assimilator  
  61  11:05  Immortal  
  61  11:07  Probe (Chrono Boost)  
  66  11:24  Probe (Chrono Boost)  
  67  11:31  Stargate  
  67  11:34  Dark Templar  
  69  11:50  Blink  
  69  11:54  Dark Templar  
  71  12:09  Photon Cannon  
  71  12:12  Photon Cannon  
  71  12:18  Photon Cannon  
  71  12:22  Probe (Chrono Boost)  
  71  12:29  Dark Templar x2  
  76  12:39  Probe (Chrono Boost)  
  51  12:56  Probe (Chrono Boost)  
  47  13:01  Dark Templar x2  
  47  13:06  Zealot  
Tags
 
Add a new tag
Caveats
  • Supply blocks, unpowered buildings, or Contaminate may cause inaccurate times.
  • Supply counts are checked every 10 seconds.